Workbook

Sheet Education Cost Plan Summary
A1: Education Cost Plan Summary
A3: Student Name:
A4: Today`s Date:
A5: Community College Name: | B5: =HYPERLINK("https://www.glendale.edu/","Glendale Community College") -> Glendale Community College
A6: University Name : | B6: =HYPERLINK("https://www.stanford.edu/","Stanford University") -> Stanford University
A7: College Status: | B7: On Campus
A9: =HYPERLINK("https://www.collegeboard.org/","Average College Cost 2014-15") -> Average College Cost 2014-15
A10: Four-year Private School | B10: 32410
A11: Four-year Public School | B11: 23890
A12: Two-year Public School | B12: 3440
A14: Summary Data | B14: Year 1 | C14: Year 2 | D14: Year 3 | E14: Year 4 | F14: Total
A15: Estimated Total Expenses | B15: ='College Expense Plan'!B14 -> 3402 | C15: ='College Expense Plan'!C14 -> 3460.53 | D15: ='College Expense Plan'!D14 -> 72646 | E15: ='College Expense Plan'!E14 -> 77004.76 | F15: =SUM(B15:E15) -> 156513.29
A16: Expected Family Contribution(EFC) | B16: ='Education Resource Plan'!B4 -> 1800 | C16: ='Education Resource Plan'!C4 -> 1800 | D16: ='Education Resource Plan'!D4 -> 1800 | E16: ='Education Resource Plan'!E4 -> 1800 | F16: =SUM(B16:E16) -> 7200
A17: Estimated Financial Need(EFN) | B17: ='Education Resource Plan'!B5 -> 1602 | C17: ='Education Resource Plan'!C5 -> 1660.53 | D17: ='Education Resource Plan'!D5 -> 70846 | E17: ='Education Resource Plan'!E5 -> 75204.76 | F17: =SUM(B17:E17) -> 149313.29
A18: Net Position | B18: =B15-(B16+B17) -> 0 | C18: =C15-(C16+C17) -> 0 | D18: =D15-(D16+D17) -> 0 | E18: =E15-(E16+E17) -> 0 | F18: =F15-(F16+F17) -> 0

Sheet College Expense Plan
A1: College Expense Plan
A3: Estimated Annual College Cost Link
A4: =HYPERLINK("https://bigfuture.collegeboard.org/college-university-search/glendale-community-college-california","Glendale Community College, CA") -> Glendale Community College, CA
A5: =HYPERLINK("https://bigfuture.collegeboard.org/","Stanford University") -> Stanford University
A7: College Expense Categories | B7: Year 1 | C7: Year 2 | D7: Year 3 | E7: Year 4 | F7: Total
A8: SchoolTuition & Fees | B8: 1451 | C8: =B8 -> 1451 | D8: 51354 | E8: =D8*1.06 -> 54435.24 | F8: =SUM(B8:E8) -> 108691.24
A9: Room & Board | B9: - | D9: 15763 | E9: =D9*1.06 -> 16708.78 | F9: =SUM(B9:E9) -> 32471.78
A10: Books & Supplies | B10: 1792 | C10: =B10*1.03 -> 1845.76 | D10: 1455 | E10: =D10*1.06 -> 1542.3 | F10: =SUM(B10:E10) -> 6635.06
A11: Transportation | C11: =B11*1.03 -> 0 | D11: 900 | E11: =D11*1.06 -> 954 | F11: =SUM(B11:E11) -> 1854
A12: Personal Living Expenses | C12: =B12*1.03 -> 0 | D12: 3015 | E12: =D12*1.06 -> 3195.9 | F12: =SUM(B12:E12) -> 6210.9
A13: Miscelleneous | B13: 159 | C13: =B13*1.03 -> 163.77 | D13: 159 | E13: =D13*1.06 -> 168.54 | F13: =SUM(B13:E13) -> 650.31
A14: Estimated Total Expense | B14: =SUM(B8:B13) -> 3402 | C14: =SUM(C8:C13) -> 3460.53 | D14: =SUM(D8:D13) -> 72646 | E14: =SUM(E8:E13) -> 77004.76 | F14: =SUM(F8:F13) -> 156513.29

Sheet Employment Income Plan
A1: Employment Income Plan
A3: Minimum wage while at Glendale Community College | H3: 9
A4: Minimum wage while at Stanford University | H4: 10
A6: PT Hours | B6: Jan | C6: Feb | D6: Mar | E6: Apr | F6: May | G6: Jun | H6: Jul | I6: Aug | J6: Sep | K6: Oct | L6: Nov | M6: Dec | N6: Total
A7: 1st Year | B7: 22 | C7: 44 | D7: 44 | E7: 44 | F7: 44 | G7: 0 | H7: 0 | I7: 0 | J7: 44 | K7: 44 | L7: 44 | M7: 22 | N7: =SUM(B7:M7) -> 352
A8: 2nd Year | B8: =B7*1.1 -> 24.2 | C8: =C7*1.1 -> 48.4 | D8: =D7*1.1 -> 48.4 | E8: =E7*1.1 -> 48.4 | F8: =F7*1.1 -> 48.4 | G8: =G7*1.1 -> 0 | H8: =H7*1.1 -> 0 | I8: =I7*1.1 -> 0 | ... M8: =M7*1.1 -> 24.2 | N8: =SUM(B8:M8) -> 387.2
A9: 3rd Year | B9: =B8*1.1 -> 26.62 | C9: =C8*1.1 -> 53.24 | D9: =D8*1.1 -> 53.24 | E9: =E8*1.1 -> 53.24 | F9: =F8*1.1 -> 53.24 | G9: =G8*1.1 -> 0 | H9: =H8*1.1 -> 0 | I9: =I8*1.1 -> 0 | ... M9: =M8*1.1 -> 26.62 | N9: =SUM(B9:M9) -> 425.92
A10: 4th Year | B10: =B9*1.1 -> 29.282 | C10: =C9*1.1 -> 58.564 | D10: =D9*1.1 -> 58.564 | E10: =E9*1.1 -> 58.564 | F10: =F9*1.1 -> 58.564 | G10: =G9*1.1 -> 0 | H10: =H9*1.1 -> 0 | I10: =I9*1.1 -> 0 | ... M10: =M9*1.1 -> 29.282 | N10: =SUM(B10:M10) -> 468.512
A11: Total | B11: =SUM(B7:B10) -> 102.102 | C11: =SUM(C7:C10) -> 204.204 | D11: =SUM(D7:D10) -> 204.204 | E11: =SUM(E7:E10) -> 204.204 | F11: =SUM(F7:F10) -> 204.204 | G11: =SUM(G7:G10) -> 0 | H11: =SUM(H7:H10) -> 0 | I11: =SUM(I7:I10) -> 0 | ... N11: =SUM(N7:N10) -> 1633.632
A13: FT Hours | B13: Jan | C13: Feb | D13: Mar | E13: Apr | F13: May | G13: Jun | H13: Jul | I13: Aug | J13: Sept | K13: Oct | L13: Nov | M13: Dec | N13: Total
A14: 1st Year | B14: 2 | C14: 0 | D14: 0 | E14: 0 | F14: 0 | G14: 4 | H14: 4 | I14: 4 | J14: 0 | K14: 0 | L14: 0 | M14: 2 | N14: =SUM(B14:M14) -> 16
A15: 2nd Year | B15: =B14*1.05 -> 2.1 | C15: =C14*1.05 -> 0 | D15: =D14*1.05 -> 0 | E15: =E14*1.05 -> 0 | F15: =F14*1.05 -> 0 | G15: =G14*1.05 -> 4.2 | H15: =H14*1.05 -> 4.2 | I15: =I14*1.05 -> 4.2 | ... M15: =M14*1.05 -> 2.1 | N15: =SUM(B15:M15) -> 16.8
A16: 3rd Year | B16: =B15*1.05 -> 2.205 | C16: =C15*1.05 -> 0 | D16: =D15*1.05 -> 0 | E16: =E15*1.05 -> 0 | F16: =F15*1.05 -> 0 | G16: =G15*1.05 -> 4.41 | H16: =H15*1.05 -> 4.41 | I16: =I15*1.05 -> 4.41 | ... M16: =M15*1.05 -> 2.205 | N16: =SUM(B16:M16) -> 17.64
A17: 4th Year | B17: =B16*1.05 -> 2.31525 | C17: =C16*1.05 -> 0 | D17: =D16*1.05 -> 0 | E17: =E16*1.05 -> 0 | F17: =F16*1.05 -> 0 | G17: =G16*1.05 -> 4.6305 | H17: =H16*1.05 -> 4.6305 | I17: =I16*1.05 -> 4.6305 | ... M17: =M16*1.05 -> 2.31525 | N17: =SUM(B17:M17) -> 18.522
A18: Total | B18: =SUM(B14:B17) -> 8.62025 | C18: =SUM(C14:C17) -> 0 | D18: =SUM(D14:D17) -> 0 | E18: =SUM(E14:E17) -> 0 | F18: =SUM(F14:F17) -> 0 | G18: =SUM(G14:G17) -> 17.2405 | H18: =SUM(H14:H17) -> 17.2405 | I18: =SUM(I14:I17) -> 17.2405 | ... N18: =SUM(N14:N17) -> 68.962
A20: Year | B20: Hours | C20: Income | K20: ID:10110159
A21: 1st Year | B21: =N7+N14 -> 368 | C21: =B21*$H$3 -> 3312 | K21: PT: 1,1= 11
A22: 2nd Year | B22: =N8+N15 -> 404 | C22: =B22*$H$3 -> 3636 | K22: FT: 0,1= 01
A23: 3rd Year | B23: =N9+N16 -> 443.56 | C23: =B23*$H$4 -> 4435.6
A24: 4th Year | B24: =N10+N17 -> 487.034 | C24: =B24*$H$4 -> 4870.34
A25: Total | B25: =SUM(B21:B24) -> 1702.594 | C25: =SUM(C21:C24) -> 16253.94

Sheet Education Resource Plan
A1: Education Resource Plan
A2: General Information | B2: Year 1 | C2: Year 2 | D2: Year 3 | E2: Year 4 | F2: Total
A3: Estimated Total Expenses | B3: ='College Expense Plan'!B14 -> 3402 | C3: ='College Expense Plan'!C14 -> 3460.53 | D3: ='College Expense Plan'!D14 -> 72646 | E3: ='College Expense Plan'!E14 -> 77004.76 | F3: =SUM(B3:E3) -> 156513.29
A4: Expected Family Contribution(EFC) | B4: 1800 | C4: 1800 | D4: 1800 | E4: 1800 | F4: =SUM(B4:E4) -> 7200
A5: Esimated Financial Need(EFN) | B5: =B3-B4 -> 1602 | C5: =C3-C4 -> 1660.53 | D5: =D3-D4 -> 70846 | E5: =E3-E4 -> 75204.76 | F5: =F3-F4 -> 149313.29
A8: Financial Aid Package | B8: Year 1 | C8: Year 2 | D8: Year 3 | E8: Year 4 | F8: Total
A9: Scholarship | B9: =0.01*B5 -> 16.02 | C9: =0.01*C5 -> 16.6053 | D9: =0.01*D5 -> 708.46 | E9: =0.01*E5 -> 752.0476 | F9: =SUM(B9:E9) -> 1493.1329
A10: Grants | B10: =0.11*(B5-B9) -> 174.4578 | C10: =0.11*(C5-C9) -> 180.83172 | D10: =0.11*(D5-D9) -> 7715.1294 | E10: =0.11*(E5-E9) -> 8189.7984 | F10: =SUM(B10:E10) -> 16260.217
A11: Work Supply | B11: =0.11*(B5-(SUM(B9:B10))) -> 155.26744 | C11: =0.11*(C5-(SUM(C9:C10))) -> 160.94023 | D11: =0.11*(D5-(SUM(D9:D10))) -> 6866.4652 | E11: =0.11*(E5-(SUM(E9:E10))) -> 7288.9205 | F11: =SUM(B11:E11) -> 14471.593
A12: Total Aid Package | B12: =SUM(B9:B11) -> 345.74524 | C12: =SUM(C9:C11) -> 358.37725 | D12: =SUM(D9:D11) -> 15290.055 | E12: =SUM(E9:E11) -> 16230.767 | F12: =SUM(B12:E12) -> 32224.944
A14: Savings Account Information | B14: Year 1 | C14: Year 2 | D14: Year 3 | E14: Year 4
A15: Starting Balance | B15: 179 | C15: =B19 -> 10294 | D15: =C19 -> 31496 | E15: =D19 -> 76298.8
A16: Contributions From Employment | B16: ='Employment Income Plan'!C21 -> 3312 | C16: ='Employment Income Plan'!C22 -> 3636 | D16: ='Employment Income Plan'!C23 -> 4435.6 | E16: ='Employment Income Plan'!C24 -> 4870.34
A17: Sub-Total Savings | B17: =SUM(B15:B16) -> 3491 | C17: =SUM(C15:C16) -> 13930 | D17: =SUM(D15:D16) -> 35931.6 | E17: =SUM(E15:E16) -> 81169.14
A18: Deductions from Savings(from the table below) | B18: =SUM(B16:B17) -> 6803 | C18: =SUM(C16:C17) -> 17566 | D18: =SUM(D16:D17) -> 40367.2 | E18: =SUM(E16:E17) -> 86039.48
A19: Running Account Balance | B19: =SUM(B17:B18) -> 10294 | C19: =SUM(C17:C18) -> 31496 | D19: =SUM(D17:D18) -> 76298.8 | E19: =SUM(E17:E18) -> 167208.62
A21: Running Status | B21: Year 1 | C21: Year 2 | D21: Year 3 | E21: Year 4 | F21: Total
A22: EFN(from the table above) | B22: =B5 -> 1602 | C22: =C5 -> 1660.53 | D22: =D5 -> 70846 | E22: =E5 -> 75204.76 | F22: =SUM(B22:E22) -> 149313.29
A23: Total Aid Package(from table above) | B23: =B12 -> 345.74524 | C23: =C12 -> 358.37725 | D23: =D12 -> 15290.055 | E23: =E12 -> 16230.767 | F23: =SUM(B23:E23) -> 32224.944
A24: Current Funds Needed | B24: =B22-B23 -> 1256.2548 | C24: =C22-C23 -> 1302.1528 | D24: =D22-D23 -> 55555.945 | E24: =E22-E23 -> 58973.993 | F24: =SUM(B24:E24) -> 117088.35
A25: Deductions from Savings | B25: =IF(B24>0,IF(B17>B24,B24,B17),0) -> 1256.2548 | C25: =IF(C24>0,IF(C17>C24,C24,C17),0) -> 1302.1528 | D25: =IF(D24>0,IF(D17>D24,D24,D17),0) -> 35931.6 | E25: =IF(E24>0,IF(E17>E24,E24,E17),0) -> 58973.993 | F25: =SUM(B25:E25) -> 97464.001
A26: Loan (if needed) | B26: =B22-(B23+B25) -> 0 | C26: =C22-(C23+C25) -> 0 | D26: =D22-(D23+D25) -> 19624.345 | E26: =E22-(E23+E25) -> 0 | F26: =SUM(B26:E26) -> 19624.345
A27: Sub-Total of Funds Provided | B27: =B23+B25+B26 -> 1602 | C27: =C23+C25+C26 -> 1660.53 | D27: =D23+D25+D26 -> 70846 | E27: =E23+E25+E26 -> 75204.76 | F27: =SUM(B27:E27) -> 149313.29
A28: Net Position | B28: 0 | C28: =C22-C27 -> 0 | D28: =D22-D27 -> 0 | E28: =E22-E27 -> 0 | F28: =SUM(B28:E28) -> 0

Sheet Loan Repayment Plan
